Get step-by-step instructions on how to execute this build order below. Start the game timer, and the build order will tick by so you can play in parallel with StarCraft on a second screen or mobile device.

Game Time

  0:00

Last Step

  N/A

Next Step

Upcoming Step



Don't want to look back and forth between 2 screens? Try out our Overwolf App, the Spawning Tool Build Advisor to get an in-game overlay with this build!

Complete Build Order

  12  0:00  Drone  
  13  0:12  Overlord  
  13  0:17  Drone  
  14  0:30  Drone x2  
  16  0:39  Spawning Pool  
  15  0:44  Drone  
  15  0:48  Drone  
  17  1:08  Hatchery  
  17  1:11  Drone  
  17  1:27  Zergling x4  
  17  1:28  Zergling x2  
  17  1:29  Queen  
  22  1:38  Overlord  
  22  1:41  Extractor  
  21  1:49  Drone  
  22  1:59  Drone  
  23  2:05  Queen  
  25  2:11  Drone  
  26  2:19  Drone  
  26  2:21  Queen  
  29  2:23  Drone  
  30  2:30  Drone  
  30  2:32  Drone  
  30  2:36  Drone  
  33  2:38  Overlord  
  33  2:40  Drone  
  33  2:41  Drone  
  35  2:48  Drone  
  36  2:56  Drone, Lair  
  35  3:00  Overlord  
  35  3:03  Drone  
  36  3:07  Drone  
  36  3:11  Drone x2  
  36  3:12  Drone  
  40  3:14  Drone x3  
  40  3:15  Drone  
  40  3:18  Drone  
  45  3:26  Drone  
  46  3:27  Evolution Chamber  
  46  3:29  Drone  
  46  3:33  Extractor  
  45  3:36  Extractor, Roach Warren, Drone  
  45  3:39  Drone  
  45  3:45  Drone x3  
  45  3:46  Drone x3  
  50  3:50  Drone  
  50  3:52  Overlord  
  51  3:59  Overlord  
  51  4:01  Overseer  
  51  4:04  Overlord  
  51  4:12  Hatchery  
  51  4:15  Overlord  
  50  4:18  Roach  
  50  4:22  Roach  
  50  4:24  Roach  
  56  4:27  Roach x2  
  60  4:31  Roach  
  60  4:32  Roach  
  60  4:34  Roach  
  66  4:39  Roach x2  
  66  4:42  Spine Crawler  
  66  4:43  Roach  
  74  4:53  Roach x5  
  74  4:57  Overlord  
  74  4:59  Overlord